 Dungeon Crawl Stone Soup version 0.31.0-11-ge490571c62 (webtiles) character file.

Game seed: 15776225171565075763

1805000 krest9999 the Wrestler (level 27, 278/288 (291) HPs)
             Began as a Troll Berserker on Jan 31, 2024.
             Was a High Priest of Trog.
             Escaped with the Orb
             ... and 3 runes!
             The game lasted 03:35:40 (61564 turns).

krest9999 the Wrestler (Troll Berserker)           Turns: 61564, Time: 03:35:41

HP:   278/288 (291) AC: 40    Str: 45    XL:     27
MP:   22/22         EV: 16    Int:  6    God:    Trog [*****.]
Gold: 2795          SH: 23    Dex: 21    Spells: 26/26 levels left

rFire   + +          .
                       - Unarmed
rCold   + + .        q - +1 kite shield {AC+3}
rNeg    + . .        J - +8 gold dragon scales
rPois   +            R - +3 hat of the Kangaroo {+Blink Dex+2}
rElec   .            m - +1 cloak {Will+}
rCorr   .            (gloves unavailable)
SInv    +            (boots unavailable)
Will    +++..        B - amulet of Wogrihynoki {Reflect Harm Dex+3 SH+5 SInv} Stlth
                     Q - ring "Yrugymug" {Fly Str+6 Dex+3}
HPRegen 1.48/turn    l - ring "Otuec" {rF+ rC+ rN+ Int+3 Stlth+}
MPRegen 0.18/turn

%: harm (+30% outgoing, +20% incoming), reflection
@: flying, lightly drained
A: large, unfitting armour, claws 3, regeneration 1, shaggy fur 1, tough skin 1,
talons 1, sense surroundings 1, MP-powered wands
0: Orb of Zot
}: 3/15 runes: serpentine, barnacled, abyssal
a: Renounce Religion, Evoke Blink, Berserk, Trog's Hand, Brothers in Arms


You escaped.
You worshipped Trog.
Trog was extremely pleased with you.
You visited 9 branches of the dungeon, and saw 46 of its levels.
You visited the Abyss 3 times.
You also visited: Sewer, Bailey and Ice Cave.

You collected 7225 gold pieces.
You spent 4430 gold pieces at shops.

Inventory:

Missiles
 n - 6 silver javelins
 p - 3 throwing nets
 K - 54 large rocks (quivered)
Armour
 k - the +0 faerie dragon scales {rC- Regen+ rCorr Dex+4}
   (You took it off the Enchantress on level 1 of the Depths)

   Dex+4:     It affects your dexterity (+4).
   rC-:       It makes you vulnerable to cold.
   Regen+:    It increases your rate of health regeneration.
   rCorr:     It protects you from acid and corrosion.
 m - a +1 cloak of willpower (worn)
 o - the scarf of Soitzem {repulsion, rPois Int+2}
   (You acquired it on level 5 of the Lair of Beasts)

   Int+2:     It affects your intelligence (+2).
   rPois:     It protects you from poison
 q - a +1 kite shield of protection (worn)
 z - a +0 tower shield
 J - +8 gold dragon scales (worn)
 M - a scarf of resistance
 R - the +3 hat of the Kangaroo (worn) {+Blink Dex+2}
   (You bought it in a shop on level 1 of the Snake Pit)

   Dex+2:     It affects your dexterity (+2).
   +Blink:    It lets you blink.
 V - the +2 tower shield "Xeumnaupn" {Harm ^Drain rC+ Str+4}
   (You bought it in a shop on level 4 of the Dungeon)

   Str+4:     It affects your strength (+4).
   rC+:       It protects you from cold.
   ^Drain:    It drains your maximum health when unequipped.
   Harm:      It increases damage dealt and taken.
Jewellery
 a - a ring of positive energy
 f - a ring of protection from fire
 i - the ring "Ynesuag" {rCorr Dex+4}
   (You acquired it on level 2 of the Orcish Mines)

   [ring of resist corrosion]

   Dex+4:     It affects your dexterity (+4).
   rCorr:     It protects you from acid and corrosion.
 l - the ring "Otuec" (right claw) {rF+ rC+ rN+ Int+3 Stlth+}
   (You bought it in a shop on level 3 of the Shoals)

   [ring of protection from fire]

   Int+3:     It affects your intelligence (+3).
   rF+:       It protects you from fire.
   rC+:       It protects you from cold.
   rN+:       It protects you from negative energy.
   Stlth+:    It makes you more stealthy.
 y - the ring of Itey {^Contam rPois rC+++ rCorr Int+6}
   (You took it off a deep elf blademaster on level 3 of the Elven Halls)

   [ring of intelligence]

   Int+6:     It affects your intelligence (+6).
   rC+++:     It renders you almost immune to cold.
   rPois:     It protects you from poison ^Contam: It causes magical
   contamination when unequipped.
   rCorr:     It protects you from acid and corrosion.
 B - the amulet of Wogrihynoki (around neck) {Reflect Harm Dex+3 SH+5 SInv}
   (You bought it in a shop on level 3 of the Shoals)

   [amulet of reflection]

   Reflect:   It reflects blocked missile attacks.
   Dex+3:     It affects your dexterity (+3).
   SInv:      It lets you see invisible.
   SH+5:      It affects your SH (+5).
   Harm:      It increases damage dealt and taken.
 H - a ring of see invisible
 L - the amulet of Bapythre {Acrobat Slay+2 SInv}
   (You found it on level 5 of the Realm of Zot)

   [amulet of the acrobat]

   Acrobat:   It increases your evasion while moving and waiting.
   Slay+2:    It affects your accuracy & damage with ranged weapons and melee
   (+2).
   SInv:      It lets you see invisible.
 P - the ring "Begaghou" {rElec rC+ Str+6 Int-3}
   (You took it off a deep elf master archer on level 3 of the Elven Halls)

   [ring of strength]

   Str+6:     It affects your strength (+6).
   Int-3:     It affects your intelligence (-3).
   rC+:       It protects you from cold.
   rElec:     It insulates you from electricity.
 Q - the ring "Yrugymug" (left claw) {Fly Str+6 Dex+3}
   (You found it on level 8 of the Dungeon)

   [ring of flight]

   Str+6:     It affects your strength (+6).
   Dex+3:     It affects your dexterity (+3).
   Fly:       It grants you flight.
 U - an amulet of regeneration
 Z - a ring of willpower
Wands
 x - a wand of digging (19)
 F - a wand of acid (36)
Scrolls
 c - 3 scrolls of blinking
 g - 2 scrolls of summoning
 h - 9 scrolls of revelation
 j - 6 scrolls of immolation
 r - 16 scrolls of teleportation
 u - 4 scrolls of silence
 A - 6 scrolls of fear
 E - 9 scrolls of fog
 I - 2 scrolls of torment
Potions
 b - 7 potions of might
 d - 11 potions of mutation
 e - 4 potions of attraction
 s - 4 potions of heal wounds
 t - 2 potions of haste
 v - 6 potions of enlightenment
 w - 22 potions of curing
 C - a potion of resistance
 G - 6 potions of invisibility
Miscellaneous
 D - a phantom mirror


   Skills:
 * Level 20.2 Fighting
 * Level 16.9 Throwing
 + Level 18.0 Armour
 - Level 16.2 Dodging
 - Level 0.2 Stealth
 - Level 20.0 Shields
 - Level 22.0 Unarmed Combat


You had 26 spell levels left.
You didn't know any spells.
Your spell library was empty.

Dungeon Overview and Level Annotations

Branches:
Dungeon (15/15)            Temple (0/1) D:4            Lair (5/5) D:11
 Shoals (4/4) Lair:3        Snake (4/4) Lair:2        Slime (0/5) Lair:4
    Orc (2/2) D:10            Elf (3/3) Orc:2        Vaults (4/5) D:13
  Crypt (0/3) Vaults:3     Depths (4/4) D:15            Zot (5/5) Depths:4
  Sewer (visited)          Bailey (visited)           IceCv (visited)

Altars:
Ashenzari
Cheibriados
Fedhas
Gozag
Hepliaklqana
Kikubaaqudgha
Makhleb
Nemelex Xobeh
Qazlal
Ru
Sif Muna
Trog
Uskayaw
Vehumet
Wu Jian
Xom
Yredelemnul
The Shining One

Shops:
D:2 *[   D:4 ::?*   D:13 [   Orc:2 (?!*   Elf:1 !   Shoals:1 *   Shoals:3 :=
Snake:1 [([!*   Vaults:2 ((   Vaults:3 (   Depths:1 =[?

Portals:
Hell: Depths:1 Depths:2 Depths:3 Depths:4
Abyss: Depths:3 Depths:4
Pandemonium: Depths:2 Depths:3
Ziggurat: Depths:1
Trove: Elf:2 (give 2 scrolls of acquirement)

Annotations:
D:3 exclusion: statue
D:8 4 transporters
Elf:2 3 runed translucent doors
Depths:4 3 runed translucent doors
Zot:2 2 transporters, Jiorhin's ghost, legendary TrBe


Innate Abilities, Weirdness & Mutations

You are too large for most types of armour.
You have claws for hands.
Your natural rate of healing is unusually fast.
You are covered in fur. (AC +1)
You have tough skin. (AC +1)
You have sharp toenails.
You passively map a small area around you.
You expend magic power (3 MP) to strengthen your wands.


Message History

Acvokodigg becomes audible again.
Acvokodigg gestures.
Acvokodigg's surroundings become eerily quiet.
You mangle Acvokodigg!! You claw Acvokodigg, but do no damage.
Acvokodigg is severely wounded.
You block Acvokodigg's attack.
You eviscerate Acvokodigg!!!
As Acvokodigg dies, the sound returns.
You kill Acvokodigg!
Trog accepts your kill.
A lorocyproca comes into view.
You block the lorocyproca's attack.
You see here a +0 club.
You scratch the lorocyproca. You claw the lorocyproca.
The lorocyproca is lightly wounded.
You scratch the lorocyproca but do no damage.
Your kick misses the lorocyproca.
The lorocyproca is lightly wounded.
The lorocyproca barely misses you.
You closely miss the lorocyproca. You claw the lorocyproca!
The lorocyproca is lightly wounded.
You eviscerate the lorocyproca!!! Your kick misses the lorocyproca.
The lorocyproca is almost dead.
The lorocyproca completely misses you.
You completely miss the lorocyproca.
The lorocyproca is almost dead.
You mangle the lorocyproca!!
You kill the lorocyproca!
Trog accepts your kill.
You feel the effects of Trog's Hand fading.
Your skin stops crawling.
You feel less strong-willed.
A chaos spawn comes into view.
A hell beast comes into view.
The hell beast attacks as it pursues you!
The hell beast bites you! You block the hell beast's attack.
The hell beast bites you but does no damage.
You block the hell beast's attack.
There is a staircase leading out of the dungeon here.
The hell beast barely misses you. You block the hell beast's attack. x2
The hell beast misses you.
You have escaped!

#.........###.# #.....
#.........# #.##############.....
#############....................
############..#.##########.#.#...
.........##...........# #.#.####
.........##4#########.####.#.#
.........#............#......#
......................#.#..###
...............2@.....#.#.##
#..###.####....(......#.#.#
##......###...........#.#.#######
####...##..#########.#........>.
#...##..............#########
#............#.....##
#...########...#####
##............># ###############


You could see a hell beast and a chaos spawn.

Vanquished Creatures
  3 pandemonium lords
  A seraph (Zot:5)
  4 dread liches (Zot:5)
  5 ancient liches
  2 orbs of fire (Zot:5)
  A juggernaut (Depths:2)
  Vv (Zot:1)
  Vashnia (Snake:2)
  4 Killer Klowns (Zot:5)
  Saint Roka (Vaults:3)
  A caustic shrike (Depths:2)
  5 curse toes (Zot:3)
  8 golden dragons
  4 bone dragons
  A profane servitor (D:13)
  Jory (Depths:4)
  3 doom hounds (Depths:2)
  3 electric golems
  A Tzitzimitl (Depths:2)
  Rupert (Orc:2)
  17 tentacled monstrosities
  Grunn (Depths:2)
  2 liches
  30 Orb Guardians
  7 sphinxes
  A searing wretch (Depths:3)
  2 deep elf master archers (Elf:3)
  7 quicksilver dragons
  2 deep elf blademasters (Elf:3)
  Agnes (Elf:1)
  4 tentacled starspawn (Abyss:3)
  Frances (Snake:2)
  Polyphemus (Shoals:2)
  A walking divine tome (Depths:3)
  2 Executioners
  8 death cobs
  10 shadow dragons
  14 storm dragons
  A tengu reaver (Depths:1)
  Aizul (Elf:3)
  Ilsuiw (Shoals:2)
  4 nagarajas
  8 draconian knights
  6 draconian monks
  5 draconian scorchers
  2 iron dragons
  4 fire giants
  5 deep elf sorcerers (Elf:3)
  3 deep elf elementalists (Elf:3)
  7 draconian shifters
  9 frost giants
  15 vault wardens
  2 angels (Zot:5)
  7 spriggan defenders
  2 ghost moths
  2 draconian stormcallers
  3 orc warlords
  6 very ugly things
  25 ironbound preservers
  A reaper (Depths:3)
  4 draconian annihilators
  9 stone giants
  The ghost of Vorhees the Thaumaturge, a journeyman DsAE of Makhleb (Orc:1)
  16 green draconians
  Nessos (Lair:3)
  10 ironbound thunderhulks
  16 yellow draconians
  9 deep elf annihilators
  A lorocyproca (D:1)
  4 vampire knights
  6 dire elephants
  4 war gargoyles
  4 deep elf demonologists
  7 deep elf death magi
  9 black draconians
  5 spark wasps (Depths:3)
  2 putrid mouths (Depths:2)
  20 white draconians
  An eidolon (Abyss:1)
  11 purple draconians
  10 red draconians
  A crystal guardian (Vaults:4)
  6 ettins
  13 merfolk impalers
  Josephine (D:12)
  A quicksilver dragon zombie (D:15)
  3 jiangshi (Depths:3)
  3 entropy weavers
  9 yaktaur captains
  A green death (Zot:5)
  11 merfolk javelineers
  6 deep elf high priests (Elf:3)
  4 great orbs of eyes
  6 fire dragons
  11 ice dragons
  6 salamander tyrants
  2 peacekeepers
  6 vault guards
  A hell beast (Depths:2)
  An alligator snapping turtle (Shoals:3)
  2 hydras
  A sphinx zombie (D:15)
  11 centaur warriors
  2 spriggan air magi
  4 boulder beetles
  5 merfolk aquamancers
  13 anacondas
  4 catoblepae
  4 merfolk avatars
  12 ironbound frosthearts
  30 dancing weapons
  3 tengu warriors
  5 satyrs
  3 two-headed ogres (Orc:1)
  5 deep troll shamans
  4 hell hogs (Abyss:1)
  10 spriggan berserkers
  4 death yaks
  5 deep troll earth magi
  8 orc high priests
  4 thrashing horrors
  20 naga sharpshooters
  8 naga warriors
  4 vampire magi
  4 shock serpents
  14 hell knights
  15 deep elf knights
  An occultist (Depths:2)
  4 wretched stars
  2 sixfirhies
  Sonja (Lair:3)
  2 sun demons
  11 iron trolls
  5 skeletal warriors
  A fire crab (Lair:5)
  A cyclops (shapeshifter) (Depths:4)
  5 skysharks
  79 deep trolls
  6 salamander mystics
  8 large abominations
  3 storm dragon skeletons
  19 mana vipers
  8 sea snakes
  8 flayed ghosts
  A swamp dragon (Abyss:3)
  3 spark wasp zombies (Depths:3)
  6 naga ritualists
  3 arcanists
  A phantasmal warrior (Depths:3)
  18 ironbound convokers
  8 necromancers
  A golden dragon skeleton (Depths:2)
  12 lindwurms
  14 orc knights
  29 deep elf zephyrmancers
  25 ugly things
  14 harpies
  13 deep elf archers
  7 oklob plants
  19 deep elf pyromancers
  17 fauns
  A human zombie (Vaults:4)
  2 shadow dragon skeletons (Depths:2)
  5 cyclopes
  A fire giant zombie (Depths:2)
  13 manticores
  A manticore (shapeshifter) (D:13)
  18 salamanders
  A meliai (shapeshifter) (D:15)
  6 orc sorcerers (Orc:2)
  17 merfolk sirens
  A fire giant skeleton (Vaults:1)
  2 worldbinders (Abyss:3)
  6 guardian serpents
  15 naga magi
  24 moths of wrath
  9 apocalypse crabs
  An elf zombie (Vaults:4)
  2 human skeletons
  A rust devil (Abyss:1)
  39 elephants
  A dire elephant zombie (Abyss:1)
  A torpor snail (Lair:3)
  A stone giant skeleton (Abyss:1)
  3 water nymphs
  13 vault sentinels
  An orange demon (D:1)
  37 black mambas
  5 kobold blastminers (Orc:2)
  16 cane toads
  6 gargoyles
  4 smoke demons
  5 spriggan zombies
  35 yaktaurs
  An unseen horror (shapeshifter) (D:13)
  2 yaktaurs (shapeshifter)
  An anaconda simulacrum (IceCv)
  A kobold demonologist (D:10)
  2 efreet (D:15)
  6 rime drakes
  4 ancient zymes
  19 komodo dragons
  A freezing wraith (IceCv)
  2 tengu conjurers
  A yaktaur skeleton (Vaults:1)
  14 starcursed masses (Abyss:3)
  13 trolls
  4 hellwings
  2 hornets (Depths:2)
  20 merfolk
  A shadow dragon simulacrum (Depths:2)
  7 wind drakes
  2 red devils (D:9)
  3 polar bears (Lair:2)
  12 blink frogs
  A tarantella (Vaults:2)
  9 snapping turtles
  4 raiju
  4 dream sheep (Shoals:1)
  6 air elementals
  A black mamba zombie (Abyss:3)
  A shadow (D:12)
  2 vampires
  24 slime creatures
  5 wraiths
  A ynoxinul (Abyss:1)
  A culicivora (shapeshifter) (Depths:2)
  4 spriggans
  5 wyverns
  18 water elementals
  40 yaks
  4 redbacks
  5 fire elementals
  10 basilisks
  A chaos spawn (Abyss:1)
  A neqoxec (Abyss:3)
  3 vampire mosquitoes (D:13)
  5 wargs
  A death yak simulacrum (IceCv)
  2 steam dragons
  24 nagas
  2 acid dragons
  A hydra simulacrum (IceCv)
  2 small abominations
  9 hell hounds
  19 water moccasins
  22 orc warriors
  3 ice beasts
  A sky beast (D:7)
  5 black bears
  5 ogres
  5 boggarts (Vaults:1)
  11 centaurs
  18 wolves
  A kobold brigand (Sewer)
  A phantom (D:6)
  A weeping skull (Abyss:1)
  A necrophage (D:4)
  6 scorpions
  A gnoll sergeant (D:8)
  4 earth elementals
  9 bullfrogs
  A cane toad simulacrum (IceCv)
  4 wights (D:8)
  15 killer bees
  3 electric eels
  3 howler monkeys
  5 lava snakes (Lair:5)
  3 bombardier beetles
  5 hounds
  21 orc priests
  Crazy Yiuf (D:2)
  4 jellies
  A gnoll bouda (D:9)
  An iron imp (Abyss:3)
  4 iguanas
  23 orc wizards
  2 sleepcaps
  A polar bear simulacrum (IceCv)
  A wolf simulacrum (IceCv)
  A hound skeleton (D:4)
  7 gnolls
  5 adders
  A river rat (Sewer)
  A shadow imp (D:8)
  4 white imps
  5 ufetubi
  2 ribbon worms
  80 orcs
  9 ball pythons
  4 endoplasms
  4 giant cockroaches
  9 goblins
  5 hobgoblins
  6 jackals
  15 kobolds
  3 quokkas
  7 bats
  A frilled lizard (D:1)
  7 rats
  A starspawn tentacle (Abyss:3)
2077 creatures vanquished.

Vanquished Creatures (collateral kills)
  Mara (Vaults:3)
  Bai Suzhen (Shoals:2)
  Margery (Depths:4)
  the Enchantress (Depths:1)
  A tentacled monstrosity (Zot:3)
  A nagaraja (Abyss:3)
  A fire giant (Depths:4)
  A deep elf elementalist (Elf:3)
  An ironbound preserver (Vaults:2)
  A white draconian (Zot:2)
  A yellow draconian (Zot:2)
  Erolcha (Orc:1)
  A hydra (Lair:5)
  A salamander tyrant (Snake:4)
  A spriggan air mage (Depths:1)
  A naga warrior (Snake:4)
  Nergalle (Lair:3)
  A hell knight (Depths:4)
  A cherub (Zot:5)
  A mana viper (Abyss:3)
  A naga ritualist (Snake:4)
  6 deep trolls
  An ironbound convoker (Vaults:2)
  An orb spider (Abyss:3)
  An orc knight (Orc:2)
  3 ugly things
  4 salamanders (Snake:4)
  3 ice statues (IceCv)
  2 molten gargoyles (Lair:5)
  An orange demon (Abyss:3)
  A komodo dragon (Lair:5)
  An ancient zyme (Abyss:3)
  A harpy simulacrum (IceCv)
  A water moccasin (Lair:3)
  A hell hound (Lair:5)
  2 orc warriors (Orc:1)
  An orc priest (Orc:2)
  An orc wizard (Orc:2)
  2 orcs (Orc:1)
54 creatures vanquished.

Vanquished Creatures (others)
  A draconian knight (Zot:1)
  A naga sharpshooter (Snake:2)
  2 deep elf knights (Elf:1)
  A deep elf zephyrmancer (Elf:1)
  Eustachio (D:4)
  A water moccasin (Lair:5)
  A hobgoblin (D:4)
  4 foxfires (Abyss:3)
  A lurking horror (Abyss:3)
  13 starspawn tentacles
26 creatures vanquished.

Grand Total: 2157 creatures vanquished

Notes
Turn   | Place    | Note
-------+----------+-------------------------------------------
     0 | D:1      | krest9999 the Troll Berserker began the quest for the Orb.
     0 | D:1      | Reached XP level 1. HP: 22/22 MP: 0/0
   121 | D:1      | Reached XP level 2. HP: 29/29 MP: 1/1
   297 | D:1      | Reached ** piety under Trog
   519 | D:1      | Reached XP level 3. HP: 36/36 MP: 2/2
   716 | D:2      | Found Nacyuck's Assorted Antiques.
   773 | D:2      | Found a bloodstained altar of Trog.
  1167 | D:2      | Found Jiuca's Antique Armour Boutique.
  1418 | D:2      | Found a faded altar of an unknown god.
  1537 | D:2      | Found a runed translucent door.
  1538 | D:2      | Noticed Crazy Yiuf
  1543 | D:2      | Killed Crazy Yiuf
  1544 | D:2      | Reached skill level 4 in Unarmed Combat
  1544 | D:2      | Reached XP level 4. HP: 44/44 MP: 3/3
  1726 | D:3      | Found a radiant altar of Vehumet.
  1726 | D:3      | Noticed a charred statue
  2363 | D:4      | Found Buurgh's Book Boutique.
  2363 | D:4      | Found Biajut's Book Boutique.
  2363 | D:4      | Found Teron's Magic Scroll Boutique.
  2366 | D:4      | Noticed an ogre
  2370 | D:4      | Found a glowing drain.
  2378 | Sewer    | Entered a sewer
  2439 | Sewer    | Noticed a kobold brigand
  2468 | Sewer    | Killed a kobold brigand
  2469 | Sewer    | Reached skill level 5 in Unarmed Combat
  2469 | Sewer    | Reached XP level 5. HP: 38/53 MP: 4/4
  2524 | Sewer    | Found a white marble altar of Elyvilon.
  2565 | D:4      | Killed an ogre
  2566 | D:4      | Reached XP level 6. HP: 25/61 MP: 5/5
  2660 | D:4      | Reached skill level 6 in Unarmed Combat
  2670 | D:4      | Found Moocwo's General Store.
  2679 | D:4      | Bought 2 atropa-tipped darts for 21 gold pieces
  2717 | D:4      | Found a stormy altar of Qazlal.
  2809 | D:2      | Bought a lumpy malachite amulet for 85 gold pieces
  2809 | D:2      | Bought a scroll labelled KAPLUT BA ESE for 17 gold pieces
  2920 | D:4      | Identified the +2 ring mail of the Platytaur {rF+ rN+ Int+4
                  | Dex-4}
  2935 | D:4      | Found a burning altar of Makhleb.
  2979 | D:4      | Reached *** piety under Trog
  3114 | D:4      | Found a blossoming altar of Fedhas.
  3193 | D:4      | Killed Eustachio
  3195 | D:4      | Found a sparkling altar of Nemelex Xobeh.
  3232 | D:4      | Found a staircase to the Ecumenical Temple.
  3499 | D:5      | Entered Level 5 of the Dungeon
  3523 | D:5      | Noticed an ice beast
  3538 | D:5      | Killed an ice beast
  3539 | D:5      | Reached XP level 7. HP: 67/67 MP: 6/6
  3706 | D:5      | Reached skill level 7 in Unarmed Combat
  3912 | D:5      | Reached XP level 8. HP: 74/78 MP: 7/7
  3941 | D:5      | Reached skill level 8 in Unarmed Combat
  4555 | D:6      | Reached skill level 9 in Unarmed Combat
  4597 | D:6      | Reached skill level 5 in Dodging
  4779 | D:6      | You are sucked into a shaft and drop 2 floors!
  4941 | D:6      | Reached skill level 10 in Unarmed Combat
  4941 | D:6      | Reached XP level 9. HP: 76/85 MP: 6/8
  5146 | D:6      | Noticed a troll
  5152 | D:6      | Killed a troll
  5472 | D:7      | Reached **** piety under Trog
  5590 | D:7      | Noticed a troll
  5591 | D:7      | Found a shimmering altar of Xom.
  5600 | D:7      | Killed a troll
  5601 | D:7      | Reached skill level 1 in Armour
  5601 | D:7      | Reached skill level 11 in Unarmed Combat
  6006 | D:7      | Identified the +2 robe of Sopnuagu {Fly rElec Will+ Str-4}
  6179 | D:8      | Reached skill level 5 in Fighting
  6263 | D:8      | Found a transporter.
  6382 | D:8      | Reached XP level 10. HP: 93/95 MP: 5/9
  6476 | D:8      | Identified the ring "Yrugymug" {Fly Str+6 Dex+3}
  6567 | D:8      | Found a transporter.
  6720 | D:8      | Found a transporter.
  6765 | D:8      | Found a transporter.
  7004 | D:4      | Bought a scroll of identify for 26 gold pieces
  7004 | D:4      | Bought a scroll of immolation for 52 gold pieces
  7004 | D:4      | Bought a scroll of identify for 26 gold pieces
  7004 | D:4      | Bought a scroll of identify for 26 gold pieces
  7077 | D:9      | Found a flagged portal.
  7111 | Bailey   | Entered a bailey
  7481 | D:9      | Reached skill level 12 in Unarmed Combat
  7832 | D:9      | Noticed a smoke demon
  7849 | D:9      | Killed a smoke demon
  8140 | D:9      | Found an opulent altar of Gozag.
  8140 | D:9      | Found a hide-covered altar of Uskayaw.
  8140 | D:9      | Found a snail-covered altar of Cheibriados.
  8140 | D:9      | Found an ornate altar of the Wu Jian Council.
  8148 | D:9      | Found a sacrificial altar of Ru.
  8153 | D:9      | Found a hazy altar of Hepliaklqana.
  8344 | D:10     | Entered Level 10 of the Dungeon
  8476 | D:10     | Noticed a gargoyle
  8481 | D:10     | Killed a gargoyle
  8655 | D:10     | Gained mutation: You are clumsy. (Dex -2) [a neqoxec]
  8656 | D:10     | Reached ***** piety under Trog
  8826 | D:10     | Found a shimmering blue altar of Sif Muna.
  8916 | D:10     | Found a staircase to the Orcish Mines.
  8985 | Orc:1    | Entered Level 1 of the Orcish Mines
  8987 | Orc:1    | Noticed an ettin
  8996 | Orc:1    | Killed an ettin
  8997 | Orc:1    | Reached skill level 13 in Unarmed Combat
  8997 | Orc:1    | Reached XP level 11. HP: 105/105 MP: 8/10
  9035 | Orc:1    | Noticed an orc warlord
  9149 | D:11     | Found a frozen archway.
  9162 | IceCv    | Entered an ice cave
  9327 | IceCv    | Noticed a white ugly thing
  9331 | IceCv    | Killed a white ugly thing
  9332 | IceCv    | Reached skill level 14 in Unarmed Combat
  9414 | D:11     | Identified the +3 trident "Demonbane" {freeze, Fly Str+4
                  | Stlth+}
  9737 | D:11     | Found a staircase to the Lair.
 10298 | Lair:1   | Entered Level 1 of the Lair of Beasts
 10326 | D:11     | Reached skill level 15 in Unarmed Combat
 10326 | D:11     | Reached XP level 12. HP: 62/118 MP: 5/11
 10884 | Lair:1   | Reached skill level 16 in Unarmed Combat
 10887 | Lair:1   | Reached skill level 5 in Armour
 10930 | Lair:1   | Identified the +6 long sword of Kismet {flame, rN+}
 11228 | Lair:2   | Noticed a catoblepas
 11445 | Lair:2   | Killed a catoblepas
 11453 | Lair:2   | Reached XP level 13. HP: 120/128 MP: 12/12
 11617 | Lair:2   | Found a staircase to the Snake Pit.
 11677 | Lair:2   | Received a gift from Trog
 11726 | Lair:2   | Reached skill level 17 in Unarmed Combat
 12396 | Lair:3   | Identified the +6 rapier "Atinuumn" {holy, ^Drain Int+6
                  | Stlth+}
 12557 | Lair:3   | Noticed Nergalle
 12562 | Lair:3   | Killed Nergalle
 12686 | Lair:3   | Noticed Sonja
 12688 | Lair:3   | Killed Sonja
 12979 | Lair:3   | Noticed Nessos
 12993 | Lair:3   | Killed Nessos
 12994 | Lair:3   | Reached skill level 18 in Unarmed Combat
 13119 | Lair:3   | Found a staircase to the Shoals.
 13412 | Lair:4   | Identified the +1 long sword "Xueph" {elec, Dex+2}
 13449 | Lair:4   | Found a staircase to the Slime Pits.
 14303 | Lair:5   | Entered Level 5 of the Lair of Beasts
 14418 | Lair:5   | Reached XP level 14. HP: 133/141 MP: 13/13
 14422 | Lair:5   | Reached skill level 1 in Throwing
 14644 | Lair:5   | Reached skill level 10 in Fighting
 14857 | Lair:5   | Identified 2 scrolls of acquirement
 14858 | Lair:5   | Acquired the scarf of Soitzem {repulsion, rPois Int+2}
 14870 | Lair:5   | Acquired a manual of Fighting
 15018 | Lair:5   | Reached ****** piety under Trog
 15093 | Lair:5   | Reached skill level 10 in Dodging
 15260 | Lair:5   | Received a gift from Trog
 15599 | Lair:5   | Found a large runed translucent door.
 15601 | Lair:5   | Found a large runed translucent door.
 16174 | Orc:1    | Killed an orc warlord
 16178 | Orc:1    | Noticed Erolcha
 16184 | Orc:1    | Killed Erolcha
 16251 | Orc:1    | Found a transporter.
 16491 | Orc:1    | Found a transporter.
 16491 | Orc:1    | Noticed Vorhees's ghost (journeyman DsAE)
 16494 | Orc:1    | Identified the +2 great mace of Compound Interest {vamp,
                  | rCorr}
 16545 | Orc:2    | Entered Level 2 of the Orcish Mines
 16545 | Orc:2    | Noticed Rupert
 16553 | Orc:2    | Killed Rupert
 16790 | Orc:1    | Reached skill level 1 in Shields
 17332 | Orc:2    | Found a staircase to the Elven Halls.
 17413 | Orc:2    | Paralysed by an orc sorcerer for 2 turns
 17424 | Orc:2    | Reached XP level 15. HP: 156/156 MP: 14/14
 17657 | Orc:2    | Found Iwyr's General Store.
 17676 | Orc:2    | Found Gicsituc's Antique Weapon Emporium.
 17680 | Orc:2    | Found Eroth's Magic Scroll Emporium.
 17683 | Orc:2    | Bought a scroll of identify for 26 gold pieces
 17683 | Orc:2    | Bought a scroll of identify for 26 gold pieces
 17683 | Orc:2    | Bought a scroll of silence for 123 gold pieces
 17689 | Orc:2    | Found Ocukk's Distillery.
 17707 | Orc:2    | Bought a scroll of revelation for 82 gold pieces
 17707 | Orc:2    | Bought a scroll of acquirement for 572 gold pieces
 17707 | Orc:2    | Bought a scroll of identify for 22 gold pieces
 17707 | Orc:2    | Bought a scroll of teleportation for 33 gold pieces
 17708 | Orc:2    | Acquired the ring "Ynesuag" {rCorr Dex+4}
 17851 | Orc:1    | Reached skill level 5 in Throwing
 17862 | Orc:1    | Killed Vorhees's ghost
 18100 | D:12     | Received a gift from Trog
 18188 | D:12     | Noticed Josephine
 18200 | D:12     | Killed Josephine
 18262 | D:12     | Found a bloodstained altar of Trog.
 18572 | D:4      | Bought the +2 tower shield "Xeumnaupn" {Harm ^Drain rC+
                  | Str+4} for 375 gold pieces
 18572 | D:4      | Bought a potion of haste for 120 gold pieces
 18752 | D:13     | Found Liror's Armour Shoppe.
 18774 | D:13     | Bought a +1 kite shield of protection for 231 gold pieces
 18803 | D:13     | Found a gate to the Vaults.
 19565 | D:14     | Found a glowing golden altar of the Shining One.
 20329 | D:15     | Entered Level 15 of the Dungeon
 20808 | D:15     | Reached skill level 5 in Shields
 20906 | D:15     | Found a staircase to the Depths.
 21349 | D:7      | Received a gift from Trog
 21504 | D:2      | Bought an embroidered scarf for 152 gold pieces
 21828 | Snake:1  | Entered Level 1 of the Snake Pit
 21828 | Snake:1  | Found Jabaurr's Antique Armour Shop.
 21867 | Snake:1  | Found Esehast's Antique Weapon Shoppe.
 21874 | Snake:1  | Bought a glowing robe for 114 gold pieces
 21874 | Snake:1  | Bought a smoking hat for 279 gold pieces
 21874 | Snake:1  | Identified the +3 hat of the Kangaroo {+Blink Dex+2} (You
                  | bought it in a shop on level 1 of the Snake Pit)
 21903 | Snake:1  | Reached XP level 16. HP: 158/172 MP: 15/15
 21965 | Snake:1  | Found Telik's General Store.
 21973 | Snake:1  | Found Nitail's Distillery.
 21980 | Snake:1  | Found Joulegh's Antique Armour Shoppe.
 23310 | Snake:2  | Noticed Vashnia
 23356 | Abyss:1  | Cast into level 1 of the Abyss (naga sharpshooter)
 23424 | Abyss:1  | Noticed a bone dragon
 23471 | Abyss:1  | Killed a bone dragon
 23494 | Abyss:1  | Received a gift from Trog
 23525 | Abyss:1  | Found a corrupted altar of Lugonu.
 23649 | Abyss:1  | Noticed an ancient lich
 23660 | Abyss:1  | Killed an ancient lich
 23663 | Snake:2  | Escaped the Abyss
 23691 | Snake:2  | Killed Vashnia
 23692 | Snake:2  | Reached skill level 19 in Unarmed Combat
 23790 | Snake:2  | Noticed Frances
 23795 | Snake:2  | Killed Frances
 24949 | Snake:3  | Reached XP level 17. HP: 143/182 MP: 16/16
 25474 | Snake:3  | Reached skill level 15 in Fighting
 25828 | Snake:3  | Reached skill level 10 in Shields
 25828 | Snake:3  | Reached XP level 18. HP: 193/193 MP: 17/17
 25829 | Snake:3  | Reached XP level 19. HP: 201/201 MP: 18/18
 25872 | Snake:4  | Entered Level 4 of the Snake Pit
 25935 | Snake:4  | Identified the +10 mace of Xaluem {heavy, rC- Will++ Dex+7}
 26118 | Snake:4  | Received a gift from Trog
 27188 | Snake:4  | Reached skill level 20 in Unarmed Combat
 27634 | Snake:4  | Identified the +5 battleaxe of the Hawk {heavy, Str+3}
                  | (Trog gifted it to you on level 4 of the Snake Pit)
 27634 | Snake:4  | Received a gift from Trog
 27874 | Snake:4  | Got a serpentine rune of Zot
 28101 | Shoals:1 | Entered Level 1 of the Shoals
 29049 | Shoals:1 | Found Axuw's Assorted Antiques.
 29671 | Shoals:2 | Reached XP level 20. HP: 211/211 MP: 19/19
 29978 | Shoals:2 | Noticed Polyphemus
 29984 | Shoals:2 | Noticed Ilsuiw
 30067 | Shoals:2 | Killed Polyphemus
 30083 | Shoals:2 | Killed Ilsuiw
 30516 | Shoals:3 | Found Nuiwoc's Book Shoppe.
 30517 | Shoals:3 | Noticed Bai Suzhen
 30536 | Shoals:2 | Killed Bai Suzhen
 30809 | Shoals:3 | Found Tiote's Jewellery Emporium.
 30815 | Shoals:3 | Bought the ring "Otuec" {rF+ rC+ rN+ Int+3 Stlth+} for 836
                  | gold pieces
 31532 | Shoals:3 | Reached skill level 15 in Shields
 31745 | Shoals:4 | Entered Level 4 of the Shoals
 31787 | Shoals:4 | Identified the +0 chain mail of the Maze {Will++}
 32326 | Shoals:4 | Received a gift from Trog
 32975 | Shoals:4 | Got a barnacled rune of Zot
 33333 | Vaults:1 | Entered Level 1 of the Vaults
 33700 | Vaults:1 | Reached skill level 10 in Throwing
 34109 | Vaults:1 | Received a gift from Trog
 34926 | Vaults:1 | Reached XP level 21. HP: 190/222 MP: 20/20
 35516 | Vaults:2 | Received a gift from Trog
 35568 | Vaults:2 | Identified the +3 leather armour of Jaojaoso {rF+ rC+ Will+
                  | Dex+3}
 36059 | Vaults:2 | Received a gift from Trog
 36192 | Vaults:2 | You are sucked into a shaft and drop 1 floor!
 36392 | Vaults:2 | Found Hanon's Antique Weapon Shop.
 36572 | Vaults:2 | Found Aliguput's Antique Weapon Emporium.
 37056 | Vaults:3 | Noticed Mara
 37063 | Vaults:3 | Noticed krest9999's illusion
 37111 | Vaults:3 | Found Met Ykhaib's Weapon Shop.
 37180 | Vaults:3 | Killed Mara
 37766 | Vaults:3 | Reached XP level 22. HP: 206/232 MP: 21/21
 37806 | Vaults:3 | Noticed Saint Roka
 37890 | Vaults:3 | Killed Saint Roka
 38143 | Vaults:3 | Found a staircase to the Crypt.
 38143 | Vaults:3 | Found an ancient bone altar of Kikubaaqudgha.
 38144 | Vaults:3 | Found a basalt altar of Yredelemnul.
 38782 | Vaults:4 | Received a gift from Trog
 39647 | Vaults:4 | Received a gift from Trog
 40029 | Snake:1  | Bought a tower shield for 189 gold pieces
 40490 | Elf:1    | Entered Level 1 of the Elven Halls
 40502 | Orc:2    | Reached skill level 21 in Unarmed Combat
 40739 | Elf:1    | Acquired 893 gold pieces
 41088 | Shoals:3 | Bought the amulet of Wogrihynoki {Reflect Harm Dex+3 SH+5
                  | SInv} for 760 gold pieces
 41503 | Elf:1    | Found Paygifif's Distillery.
 41689 | Elf:1    | Noticed Agnes
 41703 | Elf:1    | Killed Agnes
 41833 | Elf:1    | Received a gift from Trog
 42585 | Elf:2    | Paralysed by an air elemental for 1 turns
 42595 | Elf:2    | Paralysed by an air elemental for 1 turns
 42778 | Elf:2    | Received a gift from Trog
 42867 | Elf:2    | Identified the +1 flail of the Crypt {heavy, Int+3}
 42965 | Elf:2    | Paralysed by an air elemental for 1 turns
 43013 | Elf:2    | Found a hide-covered altar of Uskayaw.
 43032 | Elf:2    | Reached XP level 23. HP: 243/243 MP: 22/22
 43090 | Elf:2    | Found a portal to a secret trove of treasure.
 43283 | Elf:2    | Found a runed translucent gate.
 43284 | Elf:2    | Found a runed translucent gate.
 43284 | Elf:2    | Found a runed translucent gate.
 43327 | Elf:3    | Entered Level 3 of the Elven Halls
 43453 | Elf:3    | Identified the serpent talisman of the Volcano {rN+ Dex+3}
 43453 | Elf:3    | Noticed Aizul
 43463 | Elf:3    | Killed Aizul
 43669 | Elf:3    | Paralysed by an air elemental for 1 turns
 43672 | Elf:3    | Paralysed by an air elemental for 1 turns
 43680 | Elf:3    | Paralysed by an air elemental for 1 turns
 44278 | Elf:3    | Reached skill level 22 in Unarmed Combat
 44415 | Elf:3    | Identified the ring of Itey {^Contam rPois rC+++ rCorr
                  | Int+6}
 44416 | Elf:3    | Identified the staff "Killer Bee's Bane" {^Fragile rPois
                  | Int+7 Stlth+ Summ Alchemy}
 44500 | Elf:3    | Identified the +6 war axe "Raompafota" {antimagic, +Blink
                  | rElec Dex+2}
 44545 | Elf:3    | Received a gift from Trog
 44827 | Elf:3    | Identified the +7 glaive of Righteous Fury {heavy, rF+ rC-
                  | rN+ Str+2}
 44986 | Elf:3    | Identified the ring "Begaghou" {rElec rC+ Str+6 Int-3}
 44992 | Elf:3    | Identified the +2 broad axe of the Spider {freeze, rElec
                  | rC- Int+6 Stlth+}
 45111 | Elf:3    | Reached skill level 10 in Armour
 45391 | Elf:3    | Identified the +7 longbow of a bazaar {drain, Int+3}
 45750 | Depths:1 | Entered Level 1 of the Depths
 45811 | Depths:1 | Found a broken altar of Ashenzari.
 45852 | Depths:1 | Found Tuwodgh's Jewellery Boutique.
 45854 | Depths:1 | Found Qocvot's Armour Shop.
 45856 | Depths:1 | Found Cagimes's Magic Scroll Boutique.
 45864 | Depths:1 | Bought a scroll of teleportation for 57 gold pieces
 45864 | Depths:1 | Bought a scroll of summoning for 180 gold pieces
 46230 | Depths:1 | Received a gift from Trog
 46238 | Depths:1 | Found a one-way gateway to a ziggurat.
 46287 | Depths:1 | Noticed the Enchantress
 46454 | Depths:1 | Killed the Enchantress
 46848 | Depths:1 | Found a gateway to Hell.
 47453 | Depths:2 | Found a blossoming altar of Fedhas.
 47454 | Depths:2 | Found a shimmering blue altar of Sif Muna.
 47515 | Depths:2 | Noticed a caustic shrike
 47522 | Depths:2 | Killed a caustic shrike
 47535 | Depths:2 | Noticed a juggernaut
 47544 | Depths:2 | Killed a juggernaut
 47544 | Depths:2 | Received a gift from Trog
 48068 | Depths:2 | Reached XP level 24. HP: 240/256 MP: 22/22
 48085 | Depths:2 | Noticed Grunn
 48113 | Depths:2 | Killed Grunn
 48447 | Depths:2 | Identified the +3 hand axe of Orb Guardian's Foe {flame,
                  | rElec rC+ Str+2 Int-4} (Trog gifted it to you on level 2 of
                  | the Depths)
 48447 | Depths:2 | Received a gift from Trog
 48502 | Depths:2 | Found a one-way gate leading to the halls of Pandemonium.
 49682 | Depths:3 | Found a one-way gate to the infinite horrors of the Abyss.
 49696 | Depths:3 | Reached skill level 15 in Dodging
 50069 | Depths:3 | Received a gift from Trog
 50252 | Depths:3 | Noticed an ancient lich
 50256 | Depths:3 | Killed an ancient lich
 50289 | Depths:3 | Identified the +4 quarterstaff "Tittihui" {elec, *Rage
                  | rN+++ Int+5}
 50441 | Depths:4 | Entered Level 4 of the Depths
 50475 | Depths:4 | Noticed Margery
 50702 | Depths:4 | Killed Margery
 51019 | Depths:4 | Noticed Jory
 51031 | Depths:4 | Killed Jory
 51681 | Depths:4 | Found a runed translucent door.
 51704 | Depths:4 | Found a runed translucent door.
 51704 | Depths:4 | Found a runed translucent door.
 51726 | Depths:4 | Found a runed translucent door.
 51734 | Depths:4 | Reached XP level 25. HP: 253/267 MP: 22/22
 51869 | Depths:4 | Found a runed translucent door.
 51869 | Depths:4 | Found a runed translucent door.
 51996 | Depths:4 | Received a gift from Trog
 52043 | Depths:4 | Found a gate to the Realm of Zot.
 52401 | Depths:4 | Voluntarily entered the Abyss.
 52471 | Abyss:3  | Found a corrupted altar of Lugonu.
 52501 | Abyss:3  | Paralysed by accursed screaming for 1 turns
 52537 | Abyss:3  | Paralysed by accursed screaming for 1 turns
 52548 | Abyss:3  | Paralysed by accursed screaming for 1 turns
 52550 | Abyss:3  | Paralysed by accursed screaming for 1 turns
 52558 | Depths:4 | Escaped the Abyss
 52716 | Depths:4 | Voluntarily entered the Abyss.
 52951 | Abyss:3  | Paralysed by accursed screaming for 1 turns
 52966 | Abyss:3  | Received a gift from Trog
 52989 | Abyss:3  | Got an abyssal rune of Zot
 53004 | Depths:4 | Escaped the Abyss
 53099 | Zot:1    | Entered Level 1 of the Realm of Zot
 53131 | Zot:1    | Noticed Vv
 53145 | Zot:1    | Killed Vv
 54347 | Zot:2    | Noticed a shard shrike
 54349 | Zot:2    | Noticed a shard shrike
 54353 | Zot:2    | Noticed Jiorhin's ghost (legendary TrBe)
 54354 | Zot:2    | Found a transporter.
 54974 | Zot:2    | Found a transporter.
 55055 | Zot:2    | You fall into a shaft and drop 1 floor!
 55064 | Zot:3    | Reached skill level 15 in Throwing
 55890 | Zot:3    | Received a gift from Trog
 56074 | Zot:3    | Reached XP level 26. HP: 255/280 MP: 22/22
 57349 | Zot:4    | Reached skill level 15 in Armour
 58530 | Zot:5    | Entered Level 5 of the Realm of Zot
 58685 | Zot:5    | Received a gift from Trog
 58810 | Zot:5    | Identified the amulet of Bapythre {Acrobat Slay+2 SInv}
 59116 | Zot:5    | Noticed a dread lich
 59149 | Zot:5    | Killed a dread lich
 59159 | Zot:5    | Noticed a dread lich
 59176 | Zot:5    | Killed a dread lich
 59238 | Zot:5    | Noticed a dread lich
 59246 | Zot:5    | Killed a dread lich
 59258 | Zot:5    | Noticed an ancient lich
 59275 | Zot:5    | Killed an ancient lich
 59302 | Zot:5    | Noticed an orb of fire
 59320 | Zot:5    | Gained mutation: Your magical capacity is low. (-10% MP)
                  | [an orb of fire]
 59323 | Zot:5    | Killed an orb of fire
 59603 | Zot:5    | Noticed an ancient lich
 59607 | Zot:5    | Killed an ancient lich
 59632 | Zot:5    | Lost intelligence.
 59723 | Zot:5    | Noticed a dread lich
 59725 | Zot:5    | Killed a dread lich
 60166 | Zot:5    | Noticed an ancient lich
 60178 | Zot:5    | Reached XP level 27. HP: 291/291 MP: 19/19
 60185 | Zot:5    | Killed an ancient lich
 60188 | Zot:5    | Noticed an orb of fire
 60196 | Zot:5    | Gained mutation: You have hidden genetic defects. [an orb
                  | of fire]
 60200 | Zot:5    | Gained mutation: Your body sometimes deteriorates upon
                  | taking damage. [an orb of fire]
 60206 | Zot:5    | Gained mutation: You passively map a small area around you.
                  | [an orb of fire]
 60212 | Zot:5    | Gained mutation: You occasionally lose the ability to drink
                  | potions when taking damage. [an orb of fire]
 60224 | Zot:5    | Killed an orb of fire
 60683 | Zot:5    | Lost mutation: Your body sometimes deteriorates upon taking
                  | damage. [potion of mutation]
 60683 | Zot:5    | Lost mutation: Your magical capacity is low. (-10% MP)
                  | [potion of mutation]
 60683 | Zot:5    | Lost mutation: You are clumsy. (Dex -2) [potion of
                  | mutation]
 60683 | Zot:5    | Gained mutation: You have terrible hidden genetic defects.
                  | [potion of mutation]
 60683 | Zot:5    | Lost mutation: You have terrible hidden genetic defects.
                  | [potion of mutation]
 60683 | Zot:5    | Gained mutation: You have large cloven feet. [potion of
                  | mutation]
 60684 | Zot:5    | Lost mutation: You occasionally lose the ability to drink
                  | potions when taking damage. [potion of mutation]
 60684 | Zot:5    | Lost mutation: You have hidden genetic defects. [potion of
                  | mutation]
 60684 | Zot:5    | Lost mutation: You have large cloven feet. [potion of
                  | mutation]
 60684 | Zot:5    | Gained mutation: You have sharp toenails. [potion of
                  | mutation]
 60684 | Zot:5    | Gained mutation: You expend magic power (3 MP) to
                  | strengthen your wands. [potion of mutation]
 60702 | Zot:5    | Got the Orb of Zot
 60787 | Zot:5    | Noticed a seraph
 60797 | Zot:5    | Killed a seraph
 60875 | Zot:1    | Noticed Rula Tong the pandemonium lord
 60910 | Zot:1    | Killed Rula Tong the pandemonium lord
 60912 | Zot:1    | Received a gift from Trog
 61382 | D:4      | Noticed Xauneit the pandemonium lord
 61457 | D:2      | Noticed Neyplu the pandemonium lord
 61466 | D:2      | Killed Neyplu the pandemonium lord
 61498 | D:1      | Noticed Acvokodigg the pandemonium lord
 61517 | D:1      | Killed Acvokodigg the pandemonium lord
 61564 | D:$      | Escaped with the Orb!

Illustrated notes

Levels and vault maps discovered:
D:1:      minmay_arrival_semitransparent, layout_basic,
          amcnicky_mini_pool_small, hangedman_decor_clover_reticule,
          chequers_serial_rivers_marsh
D:2:      layout_loops_corners, basic_altar, dreamdust_ecumenical_altar_grove,
          serial_shops, shop, shop, uniq_crazy_yiuf_cottage
D:3:      layout_loops_corners, vehumet_statue, hangedman_decor_push
D:4:      layout_cave_pools, grunt_temple_overflow_forces_of_nature,
          makhleb_blood_cavern_becter, mainiacjoe_overflow_catwalk,
          lemuel_temple_firewalk_b, serial_shops, nicolae_lakefront_shop,
          cheibrodos_sewer_entry_sluice, nicolae_shop_distant_corner_stores,
          minivault_19, uniq_eustachio
D:5:      kennysheep_six_static_rooms, layout_basic
D:6:      layout_basic, minmay_misc_feat_nine_boxes, minmay_microvault
D:7:      layout_basic, tgw_xom, minmay_strange_pillars, minmay_bent
D:8:      layout_basic, nicolae_diode_intersection
D:9:      layout_long_grid, minmay_overflow_temple_hex, enter_bailey_2,
          dk_noncrumbling_2, wad_floor_pattern_untrapped,
          nicolae_where_there's_smoke
D:10:     layout_basic, kennysheep_little_box, minmay_orc_entry_guard_dogs
D:11:     layout_long_grid, erik_lair_dragon, portal_ice_cave_entry_pillars_1,
          minmay_crystal_water, grunt_decor_one_mirror
D:12:     layout_basic, bloody_trog, uniq_josephine
D:13:     layout_basic, david_vaults_2, serial_shops, shop
D:14:     layout_loops_corners, nicolae_tso_carved_into_rock
D:15:     gammafunk_depths_entry_grave, layout_rooms, corexii_leaking_fountain,
          bh_walls_and_bars
Lair:1:   minmay_lair_oklob_tunnel, layout_big_grid, grunt_megastairs_1
Lair:2:   layout_loops_ring, alex1729_snake_entry_snake,
          chequers_serial_rivers_marsh, gammafunk_lair_bear_cave,
          grunt_megastairs_3
Lair:3:   layout_regular_city, minmay_shoals_entry_lonely_mermaid,
          grunt_megastairs_5, uniq_nessos, uniq_nergalle, uniq_sonja
Lair:4:   layout_regular_city, minmay_slime_entry_oklob_open
Lair:5:   cheibrodos_lair_end_hotspot, layout_gridlike, st_stairs_3,
          guppyfry_lair_drakes, serial_bayou_shore_a
Shoals:1: layout_shoals, serial_shops, nicolae_shop_advertising_works
          [nicolae_subvault_shop_adworks], nicolae_shoals_this_corrosion
Shoals:2: layout_shoals, nicolae_shoals_the_drawing_of_the_three, uniq_ilsuiw,
          uniq_polyphemus
Shoals:3: cheibrodos_shoals_epimethial_gifts, layout_shoals, serial_shops,
          nicolae_shop_rolling_square, nicolae_stop_n_shop_1, uniq_bai_suzhen
Shoals:4: shoals_end_grunt_ice, layout_shoals, shoals_ilsuiw_ice
Snake:1:  layout_cave_shapes, serial_shops, shop, shop, shop,
          nicolae_shop_hallway_stairs, shop, nicolae_snake_magic_snake_eye
Snake:2:  layout_layer_cave, nicolae_integral_box, uniq_vashnia, uniq_frances
Snake:3:  layout_gridlike
Snake:4:  snake_pit_salamanders_mu, layout_misc_corridors
Orc:1:    layout_caves, gammafunk_ghost_smash, lightli_orcish_oven, uniq_erolcha
Orc:2:    st_orc_elflike, layout_diamond_mine, uniq_rupert
Elf:1:    elf_arrival_002, layout_loops_corners, serial_shops, shop,
          minivault_28, billiards_dpeg, uniq_agnes
Elf:2:    nicolae_elf_blades_crystal_corner, layout_loops_cross, enter_trove_3,
          nicolae_elf_altarnating
Elf:3:    minmay_elf_hall_x, layout_geoelf_grid, uniq_aizul
Vaults:1: v_pattern_4, nicolae_vaults_tangram_2, nicolae_vaults_specimen_jars,
          nicolae_vaults_more_shelving_2, nicolae_vaults_trapezoid_1,
          vaults_room_door_hall, nicolae_vaults_stairing_the_circle,
          nicolae_vaults_tetromino_Z_2, layout_vaults_quadrants
Vaults:2: nicolae_vaults_meiosis, v_misc_13, v_misc_30,
          nicolae_vaults_display_case, grunt_vaults_twisty,
          hangedman_vaults_snaps, vaults_standard_mumra_lines,
          ontoclasm_vaults_pinch, nicolae_vaults_apartment_2,
          hangedman_vaults_river_flow, nicolae_vaults_double_plus_1,
          layout_vaults_ring, serial_shops, shop_fountains, shop
Vaults:3: ontoclasm_vaults_hangar, v_misc_1, minmay_crypt_entry_necro_gods,
          nicolae_vaults_tetromino_Z_1, nicolae_vaults_two_Ls, v_misc_9,
          nicolae_vaults_apartment_1, v_misc_4, nicolae_vaults_tetromino_T_1,
          layout_vaults_big_room, serial_shops, nicolae_shop_statue_plus,
          uniq_mara, uniq_saint_roka
Vaults:4: vaults_room_ringed_pool, vaults_room_fours, ontoclasm_vaults_echo,
          v_misc_24, nicolae_vaults_spaceships,
          nicolae_vaults_shrinking_rooms_1, v_pattern_3, v_misc_1,
          nicolae_vaults_twisting_passages, nicolae_vaults_house_2,
          layout_vaults_omnibox
Depths:1: layout_basic, enter_ziggurat_c, minmay_misc_feat_more_columns,
          grunt_hell_entry_dis_mu, nicolae_ashenzari_skybound,
          serial_bayou_shore_b, minmay_shop_star, uniq_enchantress
Depths:2: minmay_the_grid_octo_tiled_squarecenter
          [minmay_the_grid_octo_vomiting_pacman, minmay_the_grid_octo_clover_2,
          minmay_the_grid_octo_chip, minmay_the_grid_octo_tetromino_candy,
          minmay_the_grid_square_5x5_megaprize_crossed,
          minmay_the_grid_square_5x5_inner_v, minmay_the_grid_square_5x5_c,
          minmay_the_grid_square_5x5_tri_point,
          minmay_the_grid_square_5x5_checkered], layout_basic,
          rand_demon_pan_entry_4, minmay_curled_crystal, hell_entry,
          infiniplex_staircase_zigzag_4, uniq_grunn
Depths:3: bobbens_index_wilting_gardens, layout_gridlike,
          hangedman_abyss_or_decor_slice, abyss_entry_small_statue_room,
          rand_demon_pan_entry_9, hell_entry
Depths:4: evilmike_zot_entry_castle, layout_gridlike, grunt_metal_band,
          abyss_entry_crystal, uniq_jory
Zot:1:    layout_gridlike, regret_index_zotdec_misc_clamp, uniq_vv
Zot:2:    layout_misc_corridors, gammafunk_ghost_berserking_beasts,
          bh_zot_levy_curve
Zot:3:    gammafunk_mikee_crab_dinner, layout_misc_corridors
Zot:4:    layout_twisted_circle, hangedman_zot_diagonal_lockstep
Zot:5:    layout_basic

Skill      XL: |  1  2  3  4  5  6  7  8  9 10 11 12 13 14 15 16 17 18 19 20 21 22 23 24 25 26 27 |
---------------+----------------------------------------------------------------------------------+-----
Unarmed Combat | 4 5 6 7 10 11 13 15 16 18 19 20 21 22 | 22.0
Dodging        | 3 4 5 6 7 8 9 10 11 13 16 | 16.2
Fighting       | 3 4 5 6 7 8 9 12 14 15 16 17 18 19 20 | 20.2
Armour         | 2 3 4 5 6 7 8 9 10 11 14 17 18 | 18.0
Throwing       | 4 6 7 8 9 10 11 12 14 15 16 | 16.9
Shields        | 1 5 8 10 11 13 16 19 20 | 20.0
Stealth        | |  0.2

Action                     |  1- 3 |  4- 6 |  7- 9 | 10-12 | 13-15 | 16-18 | 19-21 | 22-24 | 25-27 || total
---------------------------+-------+-------+-------+-------+-------+-------+-------+-------+-------++-------
  Melee: Unarmed           |   109 |   118 |   225 |   505 |   978 |   492 |  1597 |  1698 |  1179 ||  6901
         Punch             |     2 |     2 |     8 |    49 |    67 |       |       |       |       ||   128
         Kick              |       |       |       |       |       |       |       |       |    47 ||    47
  Throw: Large rock        |       |       |       |       |       |       |    28 |    17 |    25 ||    70
 Invoke: Berserk           |       |     1 |     3 |    11 |    14 |     8 |    16 |    14 |    10 ||    77
         Trog's Hand       |       |     1 |       |     1 |     4 |     7 |     7 |    10 |    10 ||    40
         Brothers in Arms  |       |       |       |     2 |     7 |       |     9 |     6 |     6 ||    30
  Evoke: Wand              |       |       |       |       |    13 |       |     2 |       |     3 ||    18
    Use: Scroll            |       |     1 |       |    14 |    13 |     2 |     4 |    11 |    15 ||    60
         Potion            |       |       |       |       |     1 |     5 |     2 |     4 |     9 ||    21
   Stab: Sleeping          |     1 |     1 |     1 |       |       |       |       |    13 |       ||    16
         Distracted        |       |       |       |       |     1 |       |     1 |     1 |     1 ||     4
         Invisible         |       |       |       |       |     3 |       |       |       |       ||     3
         Petrifying        |       |       |       |       |       |       |     1 |       |       ||     1
         Petrified         |       |       |       |       |       |       |     1 |       |       ||     1
 Armour: Animal skin       |    57 |    83 |    94 |       |       |       |       |       |       ||   234
         Troll leather arm |       |       |   138 |   416 |   516 |       |       |       |       ||  1070
         Acid dragon scale |       |       |       |       |   185 |   240 |  1021 |   713 |       ||  2159
         Storm dragon scal |       |       |       |       |       |       |       |    22 |       ||    22
         Gold dragon scale |       |       |       |       |       |       |       |    15 |   737 ||   752
  Dodge: Dodged            |    60 |    84 |   148 |   250 |   485 |   176 |   701 |   450 |   325 ||  2679
         Repelled          |       |       |       |       |     9 |    16 |    21 |     2 |       ||    48
  Block: Kite shield       |       |       |       |       |   106 |   250 |  1109 |  1234 |   793 ||  3492
         Reflection        |       |       |       |       |       |       |       |    52 |    18 ||    70
